 Dungeon Crawl Stone Soup version 0.27-a0-34-gc18c9092ac (webtiles) character file.

Game seed: 598888741135183827

80 runemasterragnar the Vexing (level 4, 0/26 HPs)
             Began as a Deep Elf Arcane Marksman on Jan 5, 2021.
             Slain by an adder (1 damage)
             ... on level 2 of the Dungeon.
             The game lasted 00:06:19 (2234 turns).

runemasterragnar the Vexing (DEAM)                  Turns: 2234, Time: 00:06:19

Health: 0/26       AC:  3    Str:  8    XL:     4   Next: 18%
Magic:  4/9        EV: 13    Int: 18    God:
Gold:   71         SH:  0    Dex: 15    Spells: 1/7 levels left

rFire    . . .     SeeInvis .   c - +0 dagger
rCold    . . .     Faith    .   (no shield)
rNeg     . . .     Spirit   .   g - +0 leather armour
rPois    .         Reflect  .   (no helmet)
rElec    .         Harm     .   (no cloak)
rCorr    .         Rampage  .   (no gloves)
Will     .....                  (no boots)
Stlth    +.........             (no amulet)
HPRegen  0.08/turn              (no ring)
MPRegen  0.11/turn              (no ring)

@: lethally poisoned (0 -> -12)
A: no striking features
a: no special abilities


You were on level 2 of the Dungeon.
You visited 1 branch of the dungeon, and saw 2 of its levels.

You collected 71 gold pieces.

Inventory:

Hand Weapons
 a - a +0 shortbow
 c - a +0 dagger (weapon)
Missiles
 d - 14 arrows
Armour
 e - a +0 robe
 g - a +0 leather armour (worn)
 o - a +0 cloak
Scrolls
 f - 2 scrolls of identify {unknown}
 h - a scroll of amnesia {unknown}
 j - 2 scrolls of remove curse {unknown}
 m - a scroll of fog {unknown}
 n - a scroll of immolation {unknown}


   Skills:
 * Level 1.7 Fighting
 + Level 3.2 Bows
 * Level 1.1 Armour
 + Level 3.0 Dodging
 - Level 0.5 Stealth
 + Level 2.4 Spellcasting
 + Level 4.3 Hexes


You had one spell level left.
You knew the following spells:

 Your Spells              Type           Power        Failure   Level
a - Corona                Hex            18%          4%          1
b - Slow                  Hex            17%          6%          2
c - Portal Projectile     Hex/Tloc       18%          30%         3

Your spell library contained the following spells:

 Spells                   Type           Power        Failure   Level
 Inner Flame              Hex/Fire       9%           30%         3
 Cause Fear               Hex            8%           38%         4
 Leda's Liquefaction      Hex/Erth       4%           69%         4


Dungeon Overview and Level Annotations

Branches:
Dungeon (2/15)

Altars:


Message History

The adder is severely wounded.
* * * LOW HITPOINT WARNING * * *
You feel sick. The adder misses you.
You hit the adder.
You kill the adder!
You closely miss the adder.
The adder is severely wounded.
* * * LOW HITPOINT WARNING * * *
You feel sick. The adder barely misses you.
You barely miss the adder.
The adder is severely wounded.
The adder bites you.
* * * LOW HITPOINT WARNING * * *
You are more poisoned.
The adder poisons you! The adder barely misses you.
You hit the adder but do no damage.
The adder is severely wounded.
* * * LOW HITPOINT WARNING * * *
You feel sick. The adder bites you.
You die...

..## #... #..### #.). .######....
##... .........# ### #.... .
###...# ..# ####.<..
....###(..#.#####.### #.....b.
(...((.(###...##....###....####..
....##### ###.##........## #...
$. #.##@....# #.## #..S#.##.###
#.. ###....# ..# #.# ####.###.#
#.# #...#.## #.# #......####..#
###..#......# ##.##....##
#...#..##


You could see an adder.

Vanquished Creatures
  4 adders (D:2)
  An ooze (D:2)
  A worm (D:2)
  A dart slug (D:1)
  A leopard gecko (D:1)
  A ball python (D:2)
  3 bats
  4 goblins
  3 hobgoblins
  2 jackals (D:2)
  5 kobolds
  A quokka (D:2)
  4 frilled lizards
  4 rats
35 creatures vanquished.

Notes
Turn   | Place    | Note
-------+----------+-------------------------------------------
     0 | D:1      | runemasterragnar the Deep Elf Arcane Marksman began the
                  | quest for the Orb.
     0 | D:1      | Reached XP level 1. HP: 11/11 MP: 5/5
   206 | D:1      | Reached skill level 1 in Fighting
   226 | D:1      | Reached XP level 2. HP: 16/16 MP: 6/6
   902 | D:2      | Reached XP level 3. HP: 17/20 MP: 6/8
   957 | D:2      | HP: 1/20 [poisoned by an adder]
  1447 | D:2      | Reached skill level 1 in Armour
  1812 | D:2      | Learned a level 2 spell: Slow
  1842 | D:2      | Learned a level 3 spell: Portal Projectile
  1880 | D:2      | HP: 1/20 [adder (3)]
  1886 | D:2      | Reached XP level 4. HP: 8/26 MP: 6/9
  2233 | D:2      | HP: 1/26 [adder (3)]
  2234 | D:2      | Slain by an adder

Illustrated notes

Levels and vault maps discovered:
D:1:      wander_arrival_peaceful_grave, layout_loops_ring,
          roderic_three_in_a_row
D:2:      layout_rooms, ebering_dispersal_statue_hall

Skill      XL: |  1  2  3 |
---------------+----------+-----
Fighting       | 1 |  1.7
Spellcasting   | 2 |  2.4
Bows           | 3 |  3.2
Armour         | 1 |  1.1
Dodging        | 3 |  3.0
Stealth        | |  0.5
Hexes          | |  4.3

Action                   |  1- 3 |  4- 6 || total
-------------------------+-------+-------++-------
Melee: Dagger            |    38 |    15 ||    53
       Unarmed           |     7 |       ||     7
 Fire: Shortbow          |    77 |    15 ||    92
 Cast: Corona            |    24 |     3 ||    27
       Slow              |       |     2 ||     2
  Use: Potion            |     7 |     1 ||     8
Armor: Leather armour    |    23 |     7 ||    30
       Skin              |     5 |       ||     5
Dodge: Dodged            |    62 |    27 ||    89

Table legend: (Time is in decaauts)
 A = Elapsed time spent in this place.
 B = Non-inter-level travel time spent in this place.
 C = Inter-level travel time spent in this place.
 D = Time resting spent in this place.
 E = Time spent auto-exploring this place.
 F = Levels seen in this place.
 G = Mean time per level.
                   A        B        C        D        E       F      G
               +--------+--------+--------+--------+--------+-----+--------+
         Total |   2224 |   2198 |     26 |    946 |    799 |   2 | 1112.0 |
       Dungeon |   2224 |   2198 |     26 |    946 |    799 |   2 | 1112.0 |
               +--------+--------+--------+--------+--------+-----+--------+

Top non-repeatable levels by time:
     D:2: 1403 daAuts
     D:1: 821 daAuts
